 Dungeon Crawl Stone Soup version 0.32-a0-900-g30fb1b0edc (webtiles) character file.

Game seed: 14790152000817721911

7 kae the Ruffian (level 1, -2/22 HPs)
             Began as a Demonspawn Shapeshifter on Apr 5, 2024.
             Succumbed to a goblin's poison
             ... on level 1 of the Dungeon.
             The game lasted 00:00:10 (243 turns).

kae the Ruffian (Demonspawn Shapeshifter)            Turns: 243, Time: 00:00:11

Health: -2/22      AC: 20    Str: 14    XL:     1   Next: 91%
Magic:  1/1        EV:  2    Int: 10    God:
Gold:   14         SH:  0    Dex: 12    Spells: 0/0 levels left

rFire   . .          .
                       - Unarmed
rCold   . . .        (no shield)
rNeg    . . .        a - melded +0 animal skin
rPois   +            (helmet currently unavailable)
rElec   .            (cloak currently unavailable)
rCorr   .            (gloves currently unavailable)
SInv    .            (boots currently unavailable)
Will    .....        (no amulet)
Stlth   +            (no ring)
HPRegen 0.23/turn    (no ring)
MPRegen 0.07/turn

%: no passive effects
@: lethally poisoned (-2 -> -25), tree-form
A: stationary, stasis, torment immunity, boosted hp
a: no special abilities


You were on level 1 of the Dungeon.
You were a tree.
You visited 1 branch of the dungeon, and saw 1 of its levels.

You collected 14 gold pieces.


   Skills:
 + Level 1.2 Fighting
 - Level 1.7 Dodging
 * Level 3.0 Unarmed Combat
 + Level 2.8 Shapeshifting


You couldn't memorise any spells.
You didn't know any spells.
Your spell library was empty.

Inventory:

Armour
 a - a +0 animal skin (melded)
Talismans
 c - a beast talisman (active)
 d - a flux talisman
Scrolls
 e - a scroll of teleportation {unknown}
Potions
 b - a potion of lignification {!q}

Dungeon Overview and Level Annotations

Branches:
Dungeon (1/15) Zot: 5758

Altars:

##### #
#######
##...######...
......#
#.###.#g......
#####.#
#.#...♣.......
#.#
#.#.#.#.###.##
#.# ##...##.#
#.# ##.## ..
#####.#
#.######
#.....# #....#
#.#####
####.##### #.#
#...†....# #.#
#.##.###.#


You could see a goblin.


Message History

No target in view!
A bat comes into view.
The bat misses you.
A bat is nearby!
The bat hits you but does no damage. The bat barely misses you.
You barely miss the bat. The bat completely misses you.
A bat is nearby!
You barely miss the bat. The bat closely misses you.
You hit the bat.
You kill the bat!
b - 2 potions of lignification {!q} (gained 1)
You open the door.
A hobgoblin comes into view.
The hobgoblin shouts!
You barely miss the hobgoblin. The hobgoblin hits you.
You hit the hobgoblin.
The hobgoblin barely misses you. 😕 HP[-1]
You take 1 damage, and now have 14/15 hp.
A hobgoblin is nearby!
A hobgoblin is nearby!
You hit the hobgoblin but do no damage. The hobgoblin closely misses you.
You hit the hobgoblin.
You kill the hobgoblin!
No target in view!
No target in view!
No target in view!
No target in view!
There is an open door, spattered with blood here.
You now have 14 gold pieces.
You open the door.
There is an open door here.
A rat comes into view. 😎 HP[+1]
Your hp is fully restored (15).
A rat is nearby!
A rat is nearby!
The helpless rat fails to defend itself.
You hit the rat.
You kill the rat!
No target in view!
No target in view!
No target in view!
No target in view!
A giant cockroach comes into view.
Found a stone staircase leading down.
A giant cockroach is nearby!
A giant cockroach is nearby!
You closely miss the giant cockroach. The giant cockroach bites you.
You closely miss the giant cockroach.
The giant cockroach bites you but does no damage.
A giant cockroach is nearby!
You barely miss the giant cockroach. The giant cockroach bites you.
You punch the giant cockroach!
You kill the giant cockroach! 😕 HP[-1]
You take 1 damage, and now have 14/15 hp.
A hobgoblin comes into view. 😎 HP[+1]
Your hp is fully restored (15).
The hobgoblin shouts!
A hobgoblin is nearby!
You hit the hobgoblin but do no damage. The hobgoblin completely misses you.
A hobgoblin is nearby!
You hit the hobgoblin.
You kill the hobgoblin!
Your Unarmed Combat skill increases to level 3!
No target in view!
You see here a hobgoblin corpse.
A goblin comes into view. It is wielding a +2 dagger of venom.
The goblin shouts!
The goblin moves out of view.
No target in view!
No target in view!
The goblin hits you with a +2 dagger of venom. 😕 HP[-1]
You take 1 damage, and now have 14/15 hp.
You closely miss the goblin. You closely miss the goblin.
Your punch misses the goblin.
The goblin hits you with a +2 dagger of venom. 😮 HP[-4]
You take 4 damage, and now have 10/15 hp.
MASSIVE DAMAGE!! (PAUSE)
You hit the goblin.
The goblin hits you with a +2 dagger of venom.
You are lethally poisoned!
You closely miss the goblin.
* * * LOW HITPOINT WARNING * * *
You feel very sick.
The goblin hits you with a +2 dagger of venom.
* * * LOW HITPOINT WARNING * * *
You are more poisoned. 😱 HP[-8]
You take 8 damage, and now have 2/15 hp.
MASSIVE DAMAGE!! (PAUSE) Unknown command.
Your transformation has ended.
You turn into a tree.
Your +0 animal skin melds into your body.
Your roots penetrate the ground.
You die...

Skill      XL: |  1 |
---------------+----+-----
Unarmed Combat | 3 |  3.0
Fighting       | |  1.2
Dodging        | |  1.7
Shapeshifting  | |  2.8

Action                     || total
---------------------------++-------
  Melee: Unarmed           ||    19
    Use: Potion            ||     1
   Stab: Sleeping          ||     1
 Armour: Animal skin       ||    11
  Dodge: Dodged            ||     7

Levels and vault maps discovered:
D:1:      hellmonk_arrival_library, layout_loops_corners

Notes
Turn   | Place    | Note
-------+----------+-------------------------------------------
     0 | D:1      | kae the Demonspawn Shapeshifter began the quest for the
                  | Orb.
     0 | D:1      | Reached XP level 1. HP: 15/15 MP: 1/1
     0 | D:1      | magus.rc [v1.11.3]
   222 | D:1      | Reached skill level 3 in Unarmed Combat
   242 | D:1      | HP: 2/15 [goblin/+2 dagger of venom (5)]
   243 | D:1      | Succumbed to a goblin's poison

Vanquished Creatures
  A ball python (D:1)
  A bat (D:1)
  A giant cockroach (D:1)
  2 hobgoblins (D:1)
  A rat (D:1)
6 creatures vanquished.

Table legend:
 A = Non-vault XP
 B = Vault XP
 C = Vault XP percentage of total XP
 D = Non-vault monster count
 E = Vault monster count
 F = Vault count percentage of total count
                 A         B        C        D         E       F
            +---------+---------+-------+---------+---------+-------
      Total |      11 |       0 |   0.0 |       6 |       0 |   0.0
            +---------+---------+-------+---------+---------+-------
        D:1 |      11 |       0 |   0.0 |       6 |       0 |   0.0
            +---------+---------+-------+---------+---------+-------

Skill      XL: |  1 |
---------------+----+-----
Unarmed Combat | 3 |  3.0
Fighting       | |  1.2
Dodging        | |  1.7
Shapeshifting  | |  2.8

Action                     || total
---------------------------++-------
  Melee: Unarmed           ||    19
    Use: Potion            ||     1
   Stab: Sleeping          ||     1
 Armour: Animal skin       ||    11
  Dodge: Dodged            ||     7

Illustrated notes

Table legend:
 A = Kills in this place as a percentage of kills in the entire game.
 B = Kills by you in this place as a percentage of kills by you in the entire game.
 C = Kills by friends in this place as a percentage of kills by friends in the entire game.
 D = Other kills in this place as a percentage of other kills in the entire game.
 E = Experience gained in this place as a percentage of experience gained in the entire game.
 F = Experience gained in this place divided by the number of levels of this place that you have seen.
                   A       B       C       D       E      F
               +-------+-------+-------+-------+-------+----------------------
         Total | 100.0 | 100.0 |   N/A |   N/A | 100.0 |  11.0
       Dungeon | 100.0 | 100.0 |   N/A |   N/A | 100.0 |  11.0
               +-------+-------+-------+-------+-------+----------------------

Table legend: (Time is in decaauts)
 A = Elapsed time spent in this place.
 B = Non-inter-level travel time spent in this place.
 C = Inter-level travel time spent in this place.
 D = Time resting spent in this place.
 E = Time spent auto-exploring this place.
 F = Levels seen in this place.
 G = Mean time per level.
                   A        B        C        D        E       F      G
               +--------+--------+--------+--------+--------+-----+--------+
         Total |    241 |    241 |      0 |      0 |    202 |   1 |  241.0 |
       Dungeon |    241 |    241 |      0 |      0 |    202 |   1 |  241.0 |
               +--------+--------+--------+--------+--------+-----+--------+

Top non-repeatable levels by time:
     D:1: 241 daAuts
